 Dungeon Crawl Stone Soup version 0.18.1-47-g9310371 (webtiles) character file.

20 rftp080 the Magician (level 2, 0/23 HPs)
             Began as a Ghoul Wizard on June 20, 2016.
             Slain by a giant newt (2 damage)
             ... on level 1 of the Dungeon.
             The game lasted 00:02:04 (835 turns).

rftp080 the Magician (Ghoul Wizard)                  Turns: 835, Time: 00:02:05

Health: 0/23       AC:  2    Str: 10    XL:     2   Next: 79%
Magic:  1/4        EV: 11    Int: 13    God:
Gold:   39         SH:  0    Dex:  7    Spells: 3 memorised, 1 level left

rFire  . . .     SeeInvis .       - Unarmed
rCold  + . .     Gourm    .     a - +0 robe
rNeg   + + +     Faith    .     (no shield)
rPois  ∞         Spirit   .     b - +0 hat
rElec  .         Dismiss  .     (no cloak)
rCorr  .         Reflect  .     (no gloves)
SustAt .         Harm     .     (no boots)
MR     .....                    (no amulet)
Stlth  ++........               (no ring)
                                (no ring)

@: very slightly contaminated, rotting, not resistant to hostile enchantments,
unstealthy
A: rotting body, claws 1, carnivore 3, cold resistance 1, negative energy
resistance 3, slow regeneration 1, torment resistance, unbreathing
a: no special abilities


You were on level 1 of the Dungeon.
You were not hungry.

You visited 1 branch of the dungeon, and saw 2 of its levels.

You collected 39 gold pieces.

Inventory:

Armour
 a - a +0 robe (worn)
 b - a +0 hat (worn)
Scrolls
 h - a scroll of fog
Books
 c - a book of Minor Magic

   Spells                             Type                      Level
   a - Magic Dart                     Conjuration                  1
   b - Blink                          Translocation                2
   c - Call Imp                       Summoning                    2
   d - Repel Missiles                 Charms/Air                   2
   e - Slow                           Hexes                        2
   f - Conjure Flame                  Conjuration/Fire             3
   g - Mephitic Cloud                 Conjuration/Poison/Air       3
Comestibles
 d - a meat ration


   Skills:
 + Level 1.0 Fighting
 - Level 1.7 Dodging
 - Level 2.1 Stealth
 * Level 2.1 Unarmed Combat
 - Level 2.6 Spellcasting
 - Level 0.7 Conjurations
   Level 0.8 Summonings
 - Level 0.8 Translocations


You had one spell level left.
You knew the following spells:

 Your Spells              Type           Power        Failure   Level  Hunger
a - Magic Dart            Conj           #...         21%         1    #......
b - Blink                 Tloc           N/A          24%         2    ###....
c - Slow                  Hex            #.......     38%         2    ###....


Dungeon Overview and Level Annotations

Branches:
Dungeon (2/15)

Altars:


Innate Abilities, Weirdness & Mutations

Your body is rotting away.
You thrive on raw meat.
You are immune to poison.
You have sharp fingernails.
You are carnivorous and can eat meat at any time.
Your flesh is cold resistant.
You are immune to negative energy.
You regenerate slowly when monsters are visible.
You are immune to unholy pain and torment.
You can survive without breathing.


Message History

It is a scroll of identify.
You don't have any unidentified items.
The jackal bites you.
* * * LOW HITPOINT WARNING * * *
The jackal bites you but does no damage.
You scratch the jackal but do no damage.
The jackal is severely wounded.
The jackal closely misses you.
You miss the jackal.
The jackal is severely wounded.
The jackal barely misses you.
You scratch the jackal but do no damage.
The jackal is severely wounded.
The jackal completely misses you. x2
You scratch the jackal.
You kill the jackal!
Your Fighting skill increases to level 1!
You miss the giant newt. The giant newt misses you.
You miss the giant newt. The giant newt bites you.
You die...

.#.####..# ##.#..####..###....#..
.........# #.###....#..#...######
>#.#.....# ##.#..##.#..#.#....#..
.....##### ##.#.##.#..#.##...#.#
.#.### #.#..............#.# ..%.#
#.####......###....# .#.## ##.##
######## #.#### ....# #...## #.#
.#.##########..#@######## #.#
.........#....###lh.....####.####
...............#.#......#.......#
.............##.........#.#.....#
.............##.##......#.#.....#
...#####.###.##.##......#.#.....#
................................#
...##...........................#
...###..........................#


You could see a jackal and a giant newt.

Vanquished Creatures
  3 giant cockroaches (D:1)
  3 goblins (D:1)
  4 hobgoblins
  3 jackals (D:1)
  A kobold (D:2)
  2 rats (D:1)
16 creatures vanquished.

Notes
Turn   | Place    | Note
--------------------------------------------------------------
     0 | D:1      | rftp080 the Ghoul Wizard began the quest for the Orb.
     0 | D:1      | Reached XP level 1. HP: 14/14 MP: 3/3
    79 | D:1      | Reached skill level 1 in Unarmed Combat
   208 | D:2      | Reached XP level 2. HP: 19/22 MP: 4/4
   599 | D:1      | Learned a level 2 spell: Blink
   602 | D:1      | Learned a level 2 spell: Slow
   829 | D:1      | HP: 1/22 [jackal (1)]
   833 | D:1      | Reached skill level 1 in Fighting
   835 | D:1      | Slain by a giant newt

Skill      XL: |  1  2 |
---------------+-------+-----
Unarmed Combat | 1 2 |  2.1
Fighting       | 1 |  1.0
Dodging        | |  1.7
Stealth        | |  2.1
Spellcasting   | |  2.6
Conjurations   | |  0.7
Summonings     | |  0.8
Translocations | |  0.8

Action                   || total
-------------------------++-------
Melee: Unarmed           ||    88
 Cast: Magic Dart        ||     4
  Use: Scroll            ||     3
 Stab: Sleeping          ||     2
  Eat: Chunk             ||     5
Armor: Robe              ||    10
Dodge: Dodged            ||    64
